 Dungeon Crawl Stone Soup version 0.22-a0-252-gcace5d2 (webtiles) character file.

1349 tsouns the Grappler (level 8, -1/111 HPs)
             Began as a Troll Warper on Mar 2, 2018.
             Was a Believer of Okawaru.
             Slain by an orc warrior
             ... wielding a +0 trident
              (16 damage)
             ... on level 7 of the Dungeon.
             The game lasted 00:07:17 (3379 turns).

tsouns the Grappler (Troll Warper)                  Turns: 3379, Time: 00:07:17

Health: -1/111     AC:  5    Str: 25    XL:     8   Next: 36%
Magic:  0/9        EV:  8    Int: 11    God:    Okawaru [**....]
Gold:   191        SH:  8    Dex:  9    Spells: 6/10 levels left

rFire    . . .     SeeInvis .     - Unarmed
rCold    . . .     Gourm    +   x - +0 shield
rNeg     . . .     Faith    .   a - +0 robe
rPois    +         Spirit   +   (helmet restricted)
rElec    .         Reflect  .   (no cloak)
rCorr    .         Harm     .   (gloves unavailable)
MR       .....                  (boots unavailable)
Stlth    ..........             n - amulet of guardian spirit
HPRegen  0.68/turn              u - ring of poison resistance
MPRegen  0.11/turn              (no ring)

@: berserking, very quick
A: large, unfitting armour, claws 3, fast metabolism 3, gourmand, regeneration
1, shaggy fur 1, tough skin 2
a: Heroism, Renounce Religion


You were on level 7 of the Dungeon.
You worshipped Okawaru.
Okawaru was pleased with you.
You were completely stuffed.

You visited 1 branch of the dungeon, and saw 5 of its levels.

You collected 191 gold pieces.

Inventory:

Hand Weapons
 p - a +3 blowgun
Missiles
 d - 4 tomahawks of dispersal (quivered)
 g - 219 stones
 s - 31 poisoned needles
 y - 7 tomahawks
Armour
 a - a +0 robe (worn)
 v - a +0 large shield
 x - a +0 shield (worn)
Jewellery
 j - an uncursed amulet of magic regeneration
 m - an uncursed ring of ice
 n - an amulet of guardian spirit (around neck)
 u - a ring of poison resistance (left claw)
Wands
 z - a wand of iceblast (5)
Scrolls
 c - 2 scrolls of blinking
 e - 2 scrolls of remove curse
 h - a scroll of enchant weapon
 k - 4 scrolls of teleportation
Potions
 b - a potion of berserk rage
 i - a potion of brilliance {unknown}
 l - 2 potions of lignification {unknown}
 o - 2 potions of cancellation {unknown}
 q - 2 potions of mutation {unknown}
 r - 2 potions of degeneration {unknown}
 t - a potion of curing {unknown}
 w - a potion of haste {unknown}
Comestibles
 f - 8 rations
 A - 9 chunks of flesh


   Skills:
 + Level 2.7 Fighting
 + Level 0.8 Throwing
 + Level 4.5 Dodging
 + Level 0.7 Stealth
 + Level 1.1 Shields
 + Level 8.0 Unarmed Combat
 + Level 1.7 Spellcasting
 + Level 2.1 Translocations
 + Level 0.7 Invocations


You had 6 spell levels left.
You knew the following spells:

 Your Spells              Type           Power        Failure   Level  Hunger
a - Blink                 Tloc           N/A          69%         2    ###....
b - Shroud of Golubria    Chrm/Tloc      #.........   83%         2    ###....


Dungeon Overview and Level Annotations

Branches:
Dungeon (7/15)             Temple (0/1) D:6

Altars:
Dithmenos
Okawaru
Wu Jian
Yredelemnul

Shops:
D:6 (   D:7 =


Innate Abilities, Weirdness & Mutations

You are too large for most types of armour.
You have claws for hands.
Your metabolism is lightning-fast.
You like to eat raw meat.
Your natural rate of healing is unusually fast.
You are covered in fur. (AC +1)
You have very tough skin. (AC +2)


Message History

The orc warrior hits you from afar with a trident!
* * * LOW HITPOINT WARNING * * *
There is an open door here.
You don't have enough magic at the moment.
A red film seems to cover your vision as you go berserk!
You feel yourself moving faster!
You feel mighty!
The orc wizard mumbles some strange words.
The orc wizard seems to speed up.
You barely miss the orc warrior. You scratch the orc warrior.
The orc warrior is lightly wounded.
The orc wizard casts a spell.
The orc wizard blinks!
The orc warrior hits you but does no damage.
You claw the orc warrior!
The orc warrior is moderately wounded.
The orc wizard casts a spell at you. The magic dart hits you!
The orc warrior hits you with a trident!
You die...

#.............. #.......#
##########.....#######+#....
#> #.....#.......#....
#..#.....#.......#....
#..#.....#.......#....
+..'....o#.......#....
#..#.....#'#####'#....
####..#..................
#.....#.@................
#.....###o##.............
#.....)o...#.............
##....##.ยง.#.............
#.... #...#.............
#..... ############+####.
#..... #. ##.### #. #. #.


You could see an orc warrior and an orc wizard.

Vanquished Creatures
  A hippogriff (D:7)
  A water moccasin (D:6)
  An ice beast (D:7)
  A phantom (D:7)
  3 ogres
  A centaur (D:7)
  A wyvern zombie (D:6)
  3 howler monkeys (D:7)
  3 crimson imps
  A centaur skeleton (D:6)
  Terence (D:2)
  An iguana (D:6)
  A worker ant (D:6)
  Robin (D:2)
  5 adders
  A worker ant zombie (D:6)
  A worm (D:3)
  4 leopard geckos
  8 orcs
  7 bats
  3 giant cockroaches
  17 goblins
  12 hobgoblins
  12 jackals
  10 kobolds
  3 quokkas
  A ball python (D:1)
  A frilled lizard (D:3)
  4 rats
109 creatures vanquished.

Notes
Turn   | Place    | Note
-------+----------+-------------------------------------------
     0 | D:1      | tsouns the Troll Warper began the quest for the Orb.
     0 | D:1      | Reached XP level 1. HP: 19/19 MP: 1/1
   173 | D:1      | Reached XP level 2. HP: 25/28 MP: 3/3
   587 | D:1      | Reached XP level 3. HP: 33/35 MP: 4/4
   929 | D:2      | Found a faded altar of an unknown god.
   947 | D:2      | Became a worshipper of Warmaster Okawaru
   947 | D:2      | Reached * piety under Okawaru
  1105 | D:2      | Found a basalt altar of Yredelemnul.
  1330 | D:2      | Noticed an ogre
  1334 | D:2      | Killed an ogre
  1334 | D:2      | Reached skill level 3 in Unarmed Combat
  1334 | D:2      | Reached XP level 4. HP: 42/42 MP: 5/5
  1334 | D:2      | Reached XP level 5. HP: 49/49 MP: 6/6
  1380 | D:2      | Noticed Terence
  1380 | D:2      | Noticed Robin
  1423 | D:2      | Killed Robin
  1423 | D:2      | Reached skill level 4 in Unarmed Combat
  1462 | D:2      | Killed Terence
  1848 | D:3      | Learned a level 2 spell: Blink
  1851 | D:3      | Learned a level 2 spell: Shroud of Golubria
  2410 | D:3      | You fall through a shaft for 3 floors!
  2437 | D:6      | Noticed a water moccasin
  2447 | D:6      | Killed a water moccasin
  2447 | D:6      | Reached skill level 5 in Unarmed Combat
  2447 | D:6      | Reached XP level 6. HP: 33/57 MP: 3/7
  2448 | D:6      | Found Xaewnios's Antique Weapon Shop.
  2482 | D:6      | Found a staircase to the Ecumenical Temple.
  2834 | D:6      | Reached ** piety under Okawaru
  2834 | D:6      | Reached XP level 7. HP: 9/65 MP: 0/8
  2968 | D:7      | Found a shadowy altar of Dithmenos.
  3029 | D:7      | Reached skill level 6 in Unarmed Combat
  3154 | D:7      | Noticed a hippogriff
  3161 | D:7      | Killed a hippogriff
  3161 | D:7      | Reached skill level 7 in Unarmed Combat
  3161 | D:7      | Reached XP level 8. HP: 31/74 MP: 4/9
  3178 | D:7      | Found Memeylu's Jewellery Boutique.
  3195 | D:7      | Reached skill level 1 in Shields
  3202 | D:7      | Found an ornate altar of the Wu Jian Council.
  3337 | D:7      | Reached skill level 8 in Unarmed Combat
  3379 | D:7      | Slain by an orc warrior

Vault maps used:
D:1:      lightli_arrival_quake, solitary_fountain, minmay_liquid_box
D:2:      overflow_temple_1_default, chequers_ecumenical_altar_twisty,
          corexii_corridor_pit, uniq_terence, uniq_robin
D:3:      gammafunk_temple_overflow_wave
D:6:      temple_fountains, serial_shops,
          nicolae_shop_competitors_out_of_business
D:7:      grunt_dithmenos_smoke, kennysheep_mini, serial_shops, shop,
          enter_bailey_7

Skill      XL: |  1  2  3  4  5  6  7  8 |
---------------+-------------------------+-----
Dodging        | 2 3 4 |  4.5
Unarmed Combat | 3 5 7 8 |  8.0
Fighting       | 2 |  2.7
Shields        | 1 |  1.1
Throwing       | |  0.8
Stealth        | |  0.7
Spellcasting   | |  1.7
Translocations | |  2.1
Invocations    | |  0.7

Action                   |  1- 3 |  4- 6 |  7- 9 || total
-------------------------+-------+-------+-------++-------
Melee: Unarmed           |   117 |   168 |    87 ||   372
       Punch             |     2 |     2 |       ||     4
Throw: Tomahawk          |       |       |     1 ||     1
Invok: Heroism           |       |     4 |     1 ||     5
Evoke: Wand              |       |       |     2 ||     2
  Use: Scroll            |       |     7 |       ||     7
       Potion            |       |     1 |     1 ||     2
  Eat: Chunk             |    18 |    13 |     6 ||    37
Armor: Robe              |    42 |    49 |    11 ||   102
Dodge: Dodged            |    82 |   107 |    24 ||   213
Block: Shield            |       |     3 |    23 ||    26

Table legend:
 A = Spawn XP
 B = Non-spawn XP
 C = Spawn XP percentage of total XP
 D = Spawn monster count
 E = Non-spawn monster count
 F = Spawn count percentage of total count
 G = Total turns spent on level
                    A         B        C        D         E        F      G
               +---------+---------+-------+---------+---------+-------+---------
         Total |       0 |    1928 |   0.0 |       0 |     109 |   0.0 |  3379
               +---------+---------+-------+---------+---------+-------+---------
           D:1 |       0 |      47 |   0.0 |       0 |      25 |   0.0 |   784
           D:2 |       0 |     236 |   0.0 |       0 |      32 |   0.0 |   980
           D:3 |       0 |      70 |   0.0 |       0 |      21 |   0.0 |   646
           D:6 |       0 |     429 |   0.0 |       0 |      11 |   0.0 |   543
           D:7 |       0 |    1146 |   0.0 |       0 |      20 |   0.0 |   426
               +---------+---------+-------+---------+---------+-------+---------
